[Event "*** Titled Tuesday Blitz"]
[Site "Chess.com"]
[Date "2020.04.28"]
[Round "6"]
[White "agrigo3"]
[Black "nadirsm"]
[Result "0-1"]
[WhiteElo "2292"]
[BlackElo "2115"]
[TimeControl "180+1"]
[EndTime "11:08:07 PDT"]
[Termination "nadirsm won on time"]

1. Nf3 Nf6 2. g3 d5 3. Bg2 Bf5 4. O-O e6 5. d3 c6 6. Nbd2 Nbd7 7.
Re1 Bc5 8. e4 dxe4 9. dxe4 Bg6 10.
h3 Qb6 11. Qe2 O-O 12. c3 Rad8 13. e5 Nd5 14. Nc4 Qc7 15. Bg5 Be7 16. Bxe7 Nxe7 17. Nh4 b5 18. Nd6 Nxe5 19. Nxb5 cxb5 20. Qxe5 Qb6 21.
Nxg6 Nxg6 22. Qe2 Rd6 23. Rad1 Rfd8 24. h4 h6 25. Rxd6 Rxd6 26. Rd1 a6 27. Rxd6 Qxd6 28. Be4 Ne7 29. Kg2 f5 30. Bf3 Nd5 31. Kg1 Nf6 32.
Kg2 e5 33. Kg1 e4 34. Bg2 Ng4 35. f3 Qc5+ 36. Kh1 Nf2+ 37. Kh2 exf3 38. Bxf3 Ng4+ 39. Bxg4 fxg4 40. Qe6+ Kh7 41. Qe4+ Kh8 42. Qe8+ Kh7 43. Qe4+ g6 44. Qb7+ Kg8 45. Qb8+ Kg7 46. Qb7+ Kf6 47. Qe4 Qf2+ 48. Qg2 Qxg2+ 49. Kxg2 Ke5 50. Kf2 Ke4 51.
Ke2 h5 52. b3 Kf5 53. Ke3 g5 54. hxg5 Kxg5 55. c4 bxc4 56. bxc4 Kf5 0-1

[Event "*** Titled Tuesday Blitz"]
[Site "Chess.com"]
[Date "2020.04.28"]
[Round "6"]
[White "Vesper2018"]
[Black "Jospem"]
[Result "1-0"]
[WhiteElo "2087"]
[BlackElo "2802"]
[TimeControl "180+1"]
[EndTime "11:08:09 PDT"]
[Termination "Vesper2018 won by resignation"]

1. e4 a6 2. d4 h6 3. a4 b6 4. Nc3 Bb7 5. f4 g6 6. Nf3 Bg7 7. Bd3 d6 8. O-O Nd7 9. Be3 c5 10. d5 Qc7 11. Qe2 Ngf6 12. h3 O-O 13. g4 e6 14. g5 hxg5 15. dxe6 gxf4 16. exf7+ Rxf7 17. Bxf4 Nh5 18. Bh2 Kh8 19. Bc4 Rf6 20. Ng5 Re8 21. Bf7 Re7 22. Bxg6 Rxg6 23. Qxh5+ Rh6 24. Nf7+ Rxf7 25.
Qxf7 Qd8 26. Bf4 Rh7 27. Qe6 Ne5 28. Rad1 Nf7 29. Rf2 Qg8 30. Rg2 Bc8 31. Qg6 Bxh3 32. Rg3 Bd4+ 33. Rxd4 Qxg6 34. Rxg6 cxd4 35. Nd5 b5 36. a5 Rh4 37. Kf2 Rh7 38. Bxd6 Bc8 39. Bg3 Bb7 40. Rb6 Ng5 41. Nf6 Rf7 42. Ke2 Nxe4 43. Nxe4 Bxe4 44. Rxa6 Bxc2 45. Rd6 d3+ 46.
Kd2 Re7 47. a6 Re2+ 48. Kc3 Re7 49. Bh4 Rc7+ 50. Kd2 Bb1 51. Bf6+ Kg8 52. Rd8+ Kf7 53. Be5 Rc2+ 54. Ke3 Rc5 55. Bf4 Rc1 56. a7 Re1+ 57. Kf2 Re2+ 58. Kf3 d2 59. Rxd2 Be4+ 60. Kxe2 1-0

[Event "*** Titled Tuesday Blitz"]
[Site "Chess.com"]
[Date "2020.04.28"]
[Round "6"]
[White "hazy13"]
[Black "monalize"]
[Result "0-1"]
[WhiteElo "2189"]
[BlackElo "2359"]
[TimeControl "180+1"]
[EndTime "11:08:09 PDT"]
[Termination "monalize won by resignation"]

1. d4 Nf6 2. c4 d6 3. Nc3 e5 4. e3 Be7 5. Nf3 Nbd7 6. Be2 O-O 7. O-O c6 8. Qc2 Re8 9. Rd1 Qc7 10. b3 Nf8 11.
Bb2 Ng6 12. Rac1 exd4 13. Nxd4 a6 14. Nf5 Bf8 15. Bf3 Ne5 16. Be2 Be6 17. Ng3 Rad8 18.
Nce4 Nxe4 19. Nxe4 Bc8 20. Ng5 Ng6 21. h4 f5 22. h5 Ne5 23. h6 gxh6 24. Nf3 Ng4 25. Nd4 Qf7 26. Nf3 Be6 27. Nh4 Re7 28. Qc3 Bg7 29.
Qxg7+ Qxg7 30. Bxg7 Kxg7 31. Rc2 Kf6 32. Rcd2 Red7 33.
g3 d5 34. Ng2 dxc4 35. Rxd7 Rxd7 36. Rxd7 Bxd7 37. Bxc4 b5 38. Be2 c5 39. Nf4 Bc6 40. Bf1 Ne5 41. Bg2 Bxg2 42. Kxg2 c4 43. bxc4 Nxc4 44. Kf1 Ke5 45. Ke2 a5 46. Kd3 Nd6 47. Ne2 Ne4 48. f3 Nc5+ 49. Kc3 Kd5 50. Nf4+ Kc6 51.
Nd3 Nxd3 52. Kxd3 Kd5 53. e4+ fxe4+ 54. fxe4+ Ke5 55. Ke3 b4 56. Kd3 h5 57. Ke3 a4 58. Kd3 b3 59. axb3 axb3 60. Kc3 Kxe4 61. Kxb3 Kf3 62. Kc3 Kxg3 63. Kd2 h4 64. Ke2 Kg2 0-1

[Event "*** Titled Tuesday Blitz"]
[Site "Chess.com"]
[Date "2020.04.28"]
[Round "6"]
[White "Aygehovit1992"]
[Black "vaishali2001"]
[Result "1/2-1/2"]
[WhiteElo "2670"]
[BlackElo "2506"]
[TimeControl "180+1"]
[EndTime "11:08:10 PDT"]
[Termination "Game drawn by repetition"]

1. e4 e5 2. Bc4 Nf6 3. d3 Nc6 4. Nc3 Na5 5. Nge2 Be7 6. a4 Nxc4 7. dxc4 d6 8. O-O O-O 9. f3 Be6 10. Qd3 a5 11. Be3 c6 12. Rad1 Qc7 13. b3 Rad8 14. Ng3 d5 15. cxd5 cxd5 16. Nb5 Qc6 17. Nf5 Bxf5 18. exf5 Bc5 19. Rfe1 Rfe8 20. Kh1 h6 21. Bxc5 Qxc5 22. Qc3 Rc8 23. Qxc5 Rxc5 24. c3 e4 25. Kg1 Rec8 26. Kf2 Rxb5 27. axb5 Rxc3 28.
Rb1 b6 29. Rec1 Rd3 30. Rc6 d4 31. Rxb6 e3+ 32. Ke1 Nd5 33. Rc6 Nf4 34. g3 Nh3 35. b6 Rd2 36. b7 d3 37. b8=Q+ Kh7 38. Rxh6+ gxh6 39. Qc7 Re2+ 40. Kd1 Nf2+ 41. Kc1 d2+ 42. Kb2 d1=Q+ 43. Ka3 Qxb1 44. Qxf7+ Kh8 45. Qe8+ Kh7 46. Qg6+ Kh8 47. Qxh6+ Kg8 48. Qg6+ Kf8 49. Qf6+ Ke8 50. Qe6+ Kd8 51. Qd6+ Ke8 52. Qe6+ Kd8 53. Qd6+ Kc8 54. Qc6+ Kb8 55. Qb6+ Kc8 56. Qc6+ Kd8 57. Qd6+ 1/2-1/2

[Event "*** Titled Tuesday Blitz"]
[Site "Chess.com"]
[Date "2020.04.28"]
[Round "6"]
[White "gmelviro"]
[Black "kuba2006"]
[Result "0-1"]
[WhiteElo "2145"]
[BlackElo "2405"]
[TimeControl "180+1"]
[EndTime "11:08:10 PDT"]
[Termination "kuba2006 won by resignation"]

1. c4 Nf6 2. g3 g6 3. Bg2 Bg7 4. Nc3 O-O 5. d4 d6 6. e3 Nbd7 7. Nge2 e5 8. O-O c6 9. b3 Qe7 10. Ba3 c5 11. dxc5 Nxc5 12. e4 Be6 13. Qd2 Rfd8 14. Rfd1 Rac8 15. Rac1 b6 16. h3 Qb7 17. Qe3 Qa6 18. Nb5 Ne8 19. Nec3 Nc7 20. Nxc7 Rxc7 21. Nb5 Rcd7 22. Rd2 Bf8 23. Rcd1 Qb7 24. Nc3 Qc6 25. Bf1 h5 26. b4 Nb7 27. b5 Qc7 28. Nd5 Bxd5 29.
Rxd5 Nc5 30. Bxc5 dxc5 31. R1d3 Rxd5 32. Rxd5 Rxd5 33. exd5 Bd6 34. Bd3 Kg7 35. Kg2 Qe7 36. h4 f5 37. Qg5 Qxg5 38. hxg5 e4 39. Be2 Be7 40. f4 exf3+ 41. Kxf3 Bxg5 42. a4 Kf6 43. Bf1 Ke5 44. Be2 Bd2 45. Bf1 Bg5 46. Ke2 Be7 47. Kd3 Bd6 48. Ke3 g5 49. Be2 g4 50.
Bd3 Kf6 51. Kf2 Kg5 52. Kg2 f4 53. gxf4+ Kxf4 54. Be2 h4 55. Kf2 h3 56. Kg1 g3 57.
Kh1 Be5 58. a5 g2+ 59. Kh2 Kg5+ 60. Kg1 Bd4+ 61. Kh2 g1=Q+ 62. Kxh3 Be5 0-1

[Event "*** Titled Tuesday Blitz"]
[Site "Chess.com"]
[Date "2020.04.28"]
[Round "6"]
[White "wonderfultime"]
[Black "EugeneRougon"]
[Result "0-1"]
[WhiteElo "2933"]
[BlackElo "2784"]
[TimeControl "180+1"]
[EndTime "11:08:11 PDT"]
[Termination "EugeneRougon won by resignation"]

1. d4 d5 2. Nf3 Nf6 3. Bf4 c5 4. c3 Nc6 5. e3 e6 6. Nbd2 cxd4 7. exd4 Nh5 8. Bg3 g6 9. Bd3 Bg7 10. O-O O-O 11. Re1 Nxg3 12. hxg3 f6 13. c4 b6 14.
Rc1 Qd6 15. cxd5 exd5 16. Qa4 Bd7 17. Bb5 Rac8 18. Nf1 a5 19. Ne3 Kh8 20. Qb3 Be6 21. a3 Ne7 22. Ba6 Rxc1 23. Rxc1 Bh6 24. Re1 Nf5 25.
Nxf5 Bxf5 26. Bd3 Bd7 27. Nh2 Rc8 28. Nf1 Kg7 29. Bb5 Be6 30. Ne3 Bxe3 31. Qxe3 Bf7 32. Qd2 Rc7 33. Bd3 Re7 34. Rc1 Rc7 35. Rc3 Rxc3 36.
Qxc3 h5 37. Be2 g5 38. Qc8 Qe7 39. Bf1 Qe4 40. Qc3 h4 41. gxh4 Qxh4 42. b4 a4 43. b5 Qf4 44. Qb4 g4 45. g3 Qc1 46.
Qxa4 Bg6 47. Qa7+ Kh6 48. Qb8 Kg7 49. Qb7+ Kh6 50. Qb8 Kg7 51. Qf4 Qd1 52. a4 Bd3 53. Qc7+ Kg6 54. Qf4 Qxf1+ 55. Kh2 Be2 56. a5 Bf3 0-1

[Event "*** Titled Tuesday Blitz"]
[Site "Chess.com"]
[Date "2020.04.28"]
[Round "6"]
[White "827883"]
[Black "RubensCezila"]
[Result "0-1"]
[WhiteElo "2179"]
[BlackElo "2466"]
[TimeControl "180+1"]
[EndTime "11:08:11 PDT"]
[Termination "RubensCezila won by resignation"]

1. e4 c6 2. c4 d6 3. d4 Nf6 4. Nc3 g6 5. Nf3 Bg7 6. Be2 O-O 7. O-O Na6 8. h3 e5 9. Be3 exd4 10. Nxd4 Nc5 11. Bf3 Re8 12. Qc2 a5 13. Rad1 Qe7 14. Rfe1 Nfd7 15. Bf4 Ne5 16. b3 Ne6 17. Bxe5 dxe5 18.
Nde2 Qf6 19. Bg4 h5 20. Bxe6 Bxe6 21. Rd6 Bf8 22. Rd3 Rad8 23. Red1 Bc5 24. Rf3 Rxd1+ 25. Qxd1 Qd8 26. Rd3 Qf6 27. Rf3 Qh4 28. Na4 Rd8 29.
Qe1 Bb4 30. Qa1 Qg5 31. a3 Bf8 32. Re3 h4 33. Qc3 Rd1+ 34. Kh2 Bxa3 35. Qc2 Rd7 36. Nac3 Bf8 37. Ng1 Qe7 38. Nf3 Bh6 39. Rd3 g5 40.
Kg1 Rxd3 41. Qxd3 f6 42. Na4 Bf8 43. Qe3 Qd6 44. Qb6 Qd1+ 45. Kh2 g4 46. hxg4 Bxg4 47. Nxh4 Qe2 48. Qe3 Qxe3 49. fxe3 b5 50. cxb5 cxb5 51. Nb6 Bc5 52. Nd5 Kf7 53. Kg3 Be6 54. Kf3 a4 55. bxa4 bxa4 56. Nc3 a3 57. Nf5 Bb4 0-1

[Event "*** Titled Tuesday Blitz"]
[Site "Chess.com"]
[Date "2020.04.28"]
[Round "6"]
[White "Man-Chuk"]
[Black "Infernal_XaM"]
[Result "1-0"]
[WhiteElo "2730"]
[BlackElo "2904"]
[TimeControl "180+1"]
[EndTime "11:08:13 PDT"]
[Termination "Man-Chuk won by checkmate"]

1. c4 Nf6 2. Nc3 c5 3. g3 d5 4. cxd5 Nxd5 5. Bg2 Nc7 6. d3 e5 7. Be3 Be7 8. Rc1 O-O 9. Na4 Ne6 10. Nxc5 Qa5+ 11. Bd2 Qxa2 12. Nxb7 Na6 13. Na5 Nb4 14. Nc4 Rb8 15. Nf3 e4 16. Nfe5 exd3 17. exd3 Bb7 18. Bxb7 Rxb7 19. O-O Qa6 20. Ra1 Qb5 21. Ra5 Qe8 22.
Qf3 Rc7 23. Bc3 f6 24. Ng4 Qc8 25. h4 Rd8 26. Bxb4 Bxb4 27. Rd5 Nd4 28. Qe4 Bc5 29. Rxd8+ Qxd8 30. Nge3 Re7 31. Qd5+ Qxd5 32. Nxd5 Re2 33. Nf4 Rc2 34. Kg2 Nf5 35. Nd5 Bd4 36. g4 Nxh4+ 37.
Kg3 Ng6 38. Re1 h6 39. Rf1 Kh7 40. Nde3 Bxe3 41. fxe3 Ne5 42. Nxe5 fxe5 43. Rf2 Rc7 44. Rf5 Rd7 45. Rxe5 Rxd3 46. Kf3 Rb3 47. Ra5 Rb7 48.
b4 Kg6 49. Ra6+ Kg5 50. Ra5+ Kg6 51. b5 Kg5 52. b6+ Kh4 53. bxa7 Rf7+ 54. Rf5 Rxa7 55. Rh5# 1-0

[Event "*** Titled Tuesday Blitz"]
[Site "Chess.com"]
[Date "2020.04.28"]
[Round "6"]
[White "gurelediz"]
[Black "Nara_Kh"]
[Result "1-0"]
[WhiteElo "2607"]
[BlackElo "2457"]
[TimeControl "180+1"]
[EndTime "11:08:14 PDT"]
[Termination "gurelediz won by checkmate"]

1. e4 c5 2. Nf3 d6 3. d4 Nf6 4. Nc3 cxd4 5. Nxd4 a6 6. Bg5 Nbd7 7. Qe2 h6 8. Bh4 g6 9. O-O-O Bg7 10. f4 Qc7 11.
Bg3 e5 12. Nb3 b5 13. Qd3 Ke7 14. Bh4 Bb7 15. fxe5 Nxe5 16. Nd5+ Bxd5 17. Bxf6+ Bxf6 18. Qxd5 Rac8 19. Nd4 Rhd8 20. Be2 Kf8 21. Rhf1 Kg7 22. Kb1 Nc4 23. Bxc4 bxc4 24. c3 Re8 25. Nf3 Qc6 26. Qxc6 Rxc6 27. Rfe1 Rb8 28. Kc1 Rcb6 29. Re2 h5 30. Rd5 Rc6 31. Nd4 Rcb6 32. Rf2 Be5 33. Kb1 h4 34. h3 Bg3 35. Re2 Be5 36. Nf3 Bxc3 37. b3 cxb3 38. axb3 Rxb3+ 39. Kc2 Bf6 40. Rxd6 Rb2+ 41. Kd1 Rb1+ 42. Kd2 R8b2+ 43. Ke3 Rxe2+ 44.
Kxe2 Ra1 45. e5 Be7 46. Rd7 Bb4 47. e6 Ra2+ 48. Kd3 Ra3+ 49. Kc4 Bf8 50. Rxf7+ Kg8 51. Ne5 Ra4+ 52. Kd5 Ra5+ 53. Ke4 Ra4+ 54. Kf3 Ra5 55.
Nxg6 Rd5 56. Rxf8+ Kg7 57. e7 Rd3+ 58. Ke4 Rd1 59. e8=Q Re1+ 60. Kf5 Rxe8 61. Rxe8 Kf7 62. Re7+ Kg8 63. Kf6 a5 64. Rg7# 1-0

[Event "*** Titled Tuesday Blitz"]
[Site "Chess.com"]
[Date "2020.04.28"]
[Round "6"]
[White "Mykola-Bortnyk"]
[Black "lucliasco"]
[Result "1/2-1/2"]
[WhiteElo "2925"]
[BlackElo "2648"]
[TimeControl "180+1"]
[EndTime "11:08:15 PDT"]
[Termination "Game drawn by repetition"]

1. e4 e5 2. Nf3 Nc6 3. Bc4 Nf6 4. d4 exd4 5. e5 d5 6. Bb5 Ne4 7. Nxd4 Bd7 8. Bxc6 bxc6 9. O-O Bc5 10. c3 O-O 11. f3 Ng5 12. Be3 Bb6 13. f4 Ne4 14. Nd2 Nxd2 15. Qxd2 c5 16. Nb3 c4 17. Nc5 Bf5 18. Rad1 c6 19. Nb7 Bxe3+ 20. Qxe3 Qb6 21. Qxb6 axb6 22. a3 Bd3 23. Rf2 Ra7 24. Nd6 Re7 25. Re1 f6 26. Rf3 Rd8 27. Kf2 h5 28. g3 c5 29. h3 d4 30. g4 hxg4 31. hxg4 dxc3 32. bxc3 Re6 33. Rh3 fxe5 34. fxe5 Ra8 35. Reh1 Rf8+ 36. Kg3 g5 37. Rh8+ Kg7 38. Rxf8 Kxf8 39.
Rh8+ Kg7 40. Re8 Rxe8 41. Nxe8+ Kf7 42. Nc7 Be4 43. Kf2 Ke7 44. Ke3 Bc6 45. a4 Kd7 46.
Nb5 Ke6 47. Nd6 Bxa4 48. Nxc4 Bd1 49. Nxb6 Bxg4 50. Na4 Kd5 51. Nb2 Kxe5 52. Nc4+ Kd5 53. Nb6+ Ke5 54. Nc4+ Kd5 55. Nb6+ Ke6 56. Nc4 Bf5 57.
Kf3 Kd5 58. Ne3+ Ke5 59. Nc4+ Kf6 60. Ne3 Be6 61. Ke4 g4 62. Kf4 c4 63. Nxg4+ Bxg4 64. Kxg4 Ke5 65. Kf3 Kf5 66. Ke3 Ke5 67. Kf3 Kf5 68.
Ke3 Ke5 69. Kf3 1/2-1/2

[Event "*** Titled Tuesday Blitz"]
[Site "Chess.com"]
[Date "2020.04.28"]
[Round "6"]
[White "Andrei_Belozerov"]
[Black "VincentKeymer"]
[Result "1/2-1/2"]
[WhiteElo "2589"]
[BlackElo "2724"]
[TimeControl "180+1"]
[EndTime "11:08:15 PDT"]
[Termination "Game drawn - insufficient material"]

1. e4 c5 2. Nf3 e6 3. d4 cxd4 4. Nxd4 a6 5. Bd3 Qc7 6. O-O Nf6 7. Qe2 d6 8. c4 g6 9. Nc3 Bg7 10. Be3 O-O 11. f4 Nc6 12. Rac1 e5 13. Nxc6 bxc6 14. f5 gxf5 15. exf5 Kh8 16. Ne4 Nxe4 17. Bxe4 f6 18. Qf3 Bb7 19. Rfd1 Rfd8 20. b4 Rac8 21. a4 Qf7 22. b5 d5 23. cxd5 cxd5 24. Rxc8 Bxc8 25. Bxd5 Qe7 26. b6 e4 27. Bxe4 Rxd1+ 28. Qxd1 Bb7 29. Bxb7 Qxe3+ 30. Kh1 Qxb6 31. Bxa6 Bf8 32. Bc4 Bc5 33. g3 Bd4 34. Qf3 Qc5 35. Qd5 Qxd5+ 36.
Bxd5 Bb6 37. Kg2 Kg7 38. Kf3 Kf8 39. Kg4 Ba5 40. Bc4 h6 41. Kh5 Kg7 42. h3 Kh7 43. Kg4 Kg7 44. Kf3 Kf8 45. g4 Ke7 46. Ke4 Kd6 47. Bf7 Be1 48. Be8 Kc5 49. Bb5 Bd2 50.
h4 Bc3 51. Kf3 Bb4 52. g5 fxg5 53. hxg5 hxg5 54. Kg4 Bd2 55. f6 Kd6 56. Kf5 g4 57. a5 g3 58. Bf1 Bxa5 59. Kg4 Ke6 60. Kxg3 Kxf6 1/2-1/2

[Event "*** Titled Tuesday Blitz"]
[Site "Chess.com"]
[Date "2020.04.28"]
[Round "6"]
[White "2nd_life"]
[Black "IwkooO"]
[Result "1-0"]
[WhiteElo "2417"]
[BlackElo "2569"]
[TimeControl "180+1"]
[EndTime "11:08:15 PDT"]
[Termination "2nd_life won by resignation"]

1. e4 c5 2. Nf3 e6 3. c3 Nc6 4. d4 d5 5. exd5 exd5 6. Be3 cxd4 7. Bxd4 Nf6 8. Bxf6 Qxf6 9. Qxd5 Bd6 10. Bd3 O-O 11. O-O Rd8 12. Qe4 g6 13. Bc4 Bf5 14. Qh4 Qxh4 15.
Nxh4 Be4 16. Re1 Re8 17. Nd2 Bc2 18. Nhf3 Ne5 19. Nxe5 Rxe5 20. Rxe5 Bxe5 21. Nf3 Bf6 22. Re1 Rd8 23. h4 h6 24. Ne5 Bxe5 25. Rxe5 Rd1+ 26. Kh2 Rd7 27. g4 Kg7 28. Re2 Ba4 29. Kg3 Bc6 30. Kf4 f6 31. Be6 g5+ 32. hxg5 hxg5+ 33.
Kg3 Rd3+ 34. Re3 Rd1 35. f3 Rd2 36. b4 Rc2 37. a3 a6 38. c4 Ra2 39. c5 Rc2 40.
Rd3 Rb2 41. Bd7 Bb5 42. Bxb5 axb5 43. Rd7+ Kg6 44. Rxb7 Rb3 45. Rxb5 Rxa3 46. Rb6 Rc3 47. c6 f5 48. gxf5+ Kxf5 49. Rb5+ Kf6 50. Rc5 Rxc5 51.
bxc5 Ke7 52. Kg4 Kd8 53. Kxg5 Kc7 54. Kg6 Kxc6 55. f4 Kxc5 56. f5 Kd6 57. f6 Ke6 58. f7 Ke7 59. Kg7 Ke6 60. f8=Q Kd5 61. Qf4 Ke6 62.
Qe4+ Kd7 63. Kf6 Kd6 64. Qc4 1-0

[Event "*** Titled Tuesday Blitz"]
[Site "Chess.com"]
[Date "2020.04.28"]
[Round "6"]
[White "konradrutkowski"]
[Black "PavelChernomordik"]
[Result "0-1"]
[WhiteElo "2183"]
[BlackElo "2412"]
[TimeControl "180+1"]
[EndTime "11:08:15 PDT"]
[Termination "PavelChernomordik won by resignation"]

1. e4 g6 2. d4 Bg7 3. Nc3 d6 4.
h4 h6 5. Be3 a6 6. Qd2 b5 7.
Nh3 e6 8. O-O-O Bb7 9. d5 e5 10. Ne2 Qxh4 11. Ng3 Qe7 12. Be2 Nd7 13. f4 exf4 14.
Bxf4 Nc5 15. Bf3 Nd7 16. Nf2 Ne5 17. b3 O-O-O 18. Ng4 Nxf3 19. gxf3 h5 20. Nf2 Qf6 21. Qe3 Qb2+ 22. Kd2 Bd4 23. Qe2 Qc3+ 24. Kc1 Nf6 25. Rd3 Qb2+ 26. Kd2 Rhe8 27. Nd1 Qa1 28. Nc3 Bxc3+ 29.
Rxc3 Qxa2 30. Qd3 Qa5 31. Bg5 Nd7 32. Qd4 Ne5 33. Rf1 Rd7 34. Ne2 Kb8 35. Be3 c5 36.
dxc6 Nxc6 37. Qf6 d5 38. b4 Qxb4 39. Bc5 dxe4+ 40. Kc1 Qa5 41. Ra3 Qc7 42. fxe4 Rxe4 43. Nc3 Rc4 44. Be3 b4 45. Bf4 bxa3 46. Bxc7+ Kxc7 47. Na2 Nd4 48. Qf4+ Kc8 49. Rf2 Ne2+ 50. Rxe2 Rxf4 51. Re1 Rc7 52. Nb4 Rxb4 53. Kd2 Rb2 54.
Re8+ Kd7 55. Re7+ 0-1

[Event "*** Titled Tuesday Blitz"]
[Site "Chess.com"]
[Date "2020.04.28"]
[Round "6"]
[White "WPWPWP-2015"]
[Black "jposthuma"]
[Result "0-1"]
[WhiteElo "2419"]
[BlackElo "2584"]
[TimeControl "180+1"]
[EndTime "11:08:16 PDT"]
[Termination "jposthuma won by checkmate"]

1. e4 c6 2. d4 d5 3. e5 c5 4.
c4 Nc6 5. Nf3 cxd4 6. Nxd4 e6 7.
Nc3 Bc5 8. Be3 Qb6 9. Ncb5 Nxe5 10. cxd5 exd5 11. Be2 Nf6 12. O-O O-O 13. b4 Bxb4 14.
Rb1 Bc5 15. Qc2 Bg4 16. f3 Bh5 17. Qd2 Bg6 18. g4 Bxb1 19. Rxb1 Nc4 20. Bxc4 dxc4 21. g5 Nd5 22. Nc3 Qd8 23. Bf2 Nxc3 24. Qxc3 Qxg5+ 25. Kh1 Rfd8 26. Qxc4 Bxd4 27. Bxd4 Qf4 28. Rb4 Rac8 29. Qd3 Rc1+ 30. Kg2 Qg5+ 31. Kh3 Qh5+ 32. Kg2 b6 33. Qe4 Qg6+ 34. Qxg6 hxg6 35. Be3 Rc2+ 36. Kg3 Rxa2 37. Bg5 f6 38. Bf4 Rd7 39. Rc4 g5 40. Be3 b5 41.
Rc8+ Kf7 42. Rb8 a6 43. Bc5 Rc2 44. Bb4 Rb2 45. Bc5 Rb3 46. h3 Rdd3 47. Rb7+ Kg6 48. Bf8 Rxf3+ 49. Kg2 Rg3+ 50. Kf2 Rbf3+ 51. Ke2 Rxh3 52.
Rxg7+ Kf5 53. Rc7 Re3+ 54. Kd2 Reg3 55. Rc5+ Kg6 56. Kc1 Rg2 57. Kb1 Rh1+ 58. Rc1 Rxc1+ 59. Kxc1 f5 60. Bc5 f4 61. Kd1 Kf5 62. Ke1 Ra2 63.
Kf1 g4 64. Bd6 Ke4 65. Kg1 g3 66. Bc5 Kf3 67. Kh1 Ra1+ 68. Bg1 g2+ 69. Kh2 Rxg1 70. Kh3 Rh1# 0-1

[Event "*** Titled Tuesday Blitz"]
[Site "Chess.com"]
[Date "2020.04.28"]
[Round "6"]
[White "sergeikim"]
[Black "Batsai"]
[Result "0-1"]
[WhiteElo "2419"]
[BlackElo "2259"]
[TimeControl "180+1"]
[EndTime "11:08:16 PDT"]
[Termination "Batsai won by checkmate"]

1. d4 Nf6 2. c4 e6 3. Nc3 d5 4. Nf3 dxc4 5. e3 a6 6. a4 c5 7. Bxc4 Nc6 8. O-O Qc7 9. Re1 Be7 10. h3 O-O 11. Ba2 Nb4 12. Bb1 Rd8 13. Qe2 b6 14. Rd1 a5 15. Nb5 Qb8 16. e4 cxd4 17. Nfxd4 e5 18. Nf5 Bxf5 19. exf5 Rxd1+ 20. Qxd1 Qb7 21. Be3 Rd8 22. Qe2 h6 23. Bc2 Qc6 24. Bb3 Rd3 25. Rc1 Qd7 26. Bc4 Qxf5 27. Bxd3 Nxd3 28. Rc7 Bb4 29. Qf3 Qg6 30. b3 Ne1 31. Qg3 Qb1 32. Rc8+ Kh7 33. Rc1 Qf5 34. Bxb6 Nd3 35. Rf1 Nf4 36. Qf3 e4 37. Qd1 N6d5 38. Be3 Qg5 39. Bxf4 Nxf4 40. Qg4 Qf6 41. Rd1 h5 42. Qc8 Qg5 43.
g3 Ne2+ 44. Kf1 Qf6 45. Kxe2 Qf3+ 46. Kf1 Qxd1+ 47. Kg2 Qf3+ 48. Kg1 Be1 49. Qc2 g6 50. Kf1 Bb4 51. Nd4 Qh1+ 52. Ke2 Qxh3 53. Qxe4 Qh2 54. Qf3 Kg7 55. Nc6 Qg1 56. Ne5 Qe1+ 57. Kd3 Qc3+ 58. Ke4 f5+ 59. Kd5 Qc5+ 60. Ke6 Qd6# 0-1

[Event "*** Titled Tuesday Blitz"]
[Site "Chess.com"]
[Date "2020.04.28"]
[Round "6"]
[White "NewBornNow"]
[Black "Usurpov"]
[Result "1-0"]
[WhiteElo "2624"]
[BlackElo "2467"]
[TimeControl "180+1"]
[EndTime "11:08:18 PDT"]
[Termination "NewBornNow won on time"]

1. e4 c5 2. Nf3 e6 3. d3 d5 4.
Qe2 Nf6 5. g3 Nc6 6. Bg2 Be7 7.
O-O O-O 8. e5 Nd7 9. c4 b5 10.
cxb5 Na5 11. Nc3 a6 12. bxa6 Bxa6 13. Bf4 Rb8 14. Rfd1 Qb6 15. Rab1 Rfc8 16. h4 Nc6 17. h5 Nd4 18. Nxd4 cxd4 19. Na4 Qa5 20. b3 Bb5 21.
Rdc1 Bxa4 22. bxa4 Qxa4 23. Rxc8+ Rxc8 24. Rb7 Bf8 25. h6 g6 26. Bf1 Nc5 27. Rb1 Ra8 28. Rb2 Qa3 29. Bc1 Na4 30. Rb8 Nc3 31. Qg4 Qa7 32.
Rxa8 Qxa8 33. Qxd4 Nxa2 34. Bd2 Qb7 35. Qa4 Nb4 36.
d4 Nc6 37. Ba6 Qb6 38. Be3 g5 39. Bb5 Na7 40. Be8 Qc7 41. Bxg5 Nc8 42. Qd7 Qxd7 43. Bxd7 Nb6 44. Bb5 Nc8 45. Kf1 Ne7 46. g4 Ng6 47. Ke2 Be7 48. Bd2 f6 49. f4 fxe5 50. dxe5 Kf7 51.
Bd7 Bc5 52. Bxe6+ Kxe6 53. f5+ Kf7 54. e6+ Kf6 55. fxg6 Kxg6 56. Be3 Be7 57. Kd3 Kf6 58. g5+ Kxe6 59. g6 hxg6 60. h7 Bf6 61. Bd4 1-0

[Event "*** Titled Tuesday Blitz"]
[Site "Chess.com"]
[Date "2020.04.28"]
[Round "6"]
[White "Anaj14"]
[Black "Belka1989"]
[Result "0-1"]
[WhiteElo "2151"]
[BlackElo "2302"]
[TimeControl "180+1"]
[EndTime "11:08:18 PDT"]
[Termination "Belka1989 won on time"]

1. c4 e5 2. Nc3 Nf6 3. Nf3 Nc6 4. g3 d5 5. cxd5 Nxd5 6. Bg2 Be6 7. O-O Be7 8. d3 O-O 9. a3 Qd7 10. Re1 Rfd8 11.
Qc2 Bf6 12. Ng5 Bxg5 13. Bxg5 f6 14. Bd2 Nd4 15. Qb1 Nb3 16. Qd1 Nxa1 17. Qxa1 Nxc3 18. bxc3 Bd5 19. e4 Be6 20. Bf1 c5 21. Be3 b6 22.
Rd1 Bg4 23. Rd2 Qc6 24. a4 Rd6 25. h3 Be6 26. f3 Rad8 27. Rb2 Kh8 28. g4 g5 29. Kf2 Kg7 30. Qa3 Bf7 31. a5 Qc7 32.
axb6 axb6 33. Qa6 h6 34. Be2 R8d7 35. Qa1 Qa7 36. Qb1 Qc7 37. h4 Be6 38. hxg5 fxg5 39.
Kg3 Rf7 40. Rd2 Rfd7 41. Qa1 Qd8 42. Rb2 Rf7 43. Qa6 Rfd7 44. Qa1 Qc7 45. Rd2 Bf7 46.
d4 cxd4 47. cxd4 Qd8 48. d5 Qc7 49. Rb2 Kf6 50. Rb5 Rd8 51. Rb3 Rb8 52. Rc3 Qd7 53. Rb3 Qc7 54. Bb5 Qb7 55. Bc6 Qc7 56. Rc3 Qe7 57.
Bc1 Qd8 58. Bb2 Qc7 59. Rd3 Qd8 60. Bxe5+ Ke7 61. Bxd6+ Qxd6+ 0-1

[Event "*** Titled Tuesday Blitz"]
[Site "Chess.com"]
[Date "2020.04.28"]
[Round "6"]
[White "francyIM"]
[Black "RaunakSadhwani2005"]
[Result "0-1"]
[WhiteElo "2712"]
[BlackElo "2886"]
[TimeControl "180+1"]
[EndTime "11:08:19 PDT"]
[Termination "RaunakSadhwani2005 won by resignation"]

1. d4 Nf6 2. c4 Nc6 3. Nc3 e5 4. d5 Ne7 5. h4 Neg8 6. a3 Bc5 7. e3 a6 8. Bd3 d6 9. Nge2 Ne7 10.
Ng3 h6 11. b4 Ba7 12. Bb2 Bg4 13. Qc2 Rc8 14. Nf5 Bxf5 15. Bxf5 Nxf5 16. Qxf5 Qd7 17. Qxd7+ Kxd7 18. Rd1 c6 19. dxc6+ Rxc6 20. c5 Ke6 21.
Rxd6+ Rxd6 22. cxd6 Kxd6 23. Ke2 Rc8 24. Rd1+ Ke6 25. f3 Rc4 26. g4 e4 27. g5 exf3+ 28.
Kxf3 hxg5 29. hxg5 Ne8 30. Nd5 Bb8 31. Rd2 f6 32.
gxf6 gxf6 33. Nc3 Nd6 34. Ne2 Rh4 35. Nf4+ Kf7 36. Rc2 Rh1 37. Bd4 Rf1+ 38. Ke2 Rb1 39. Kf3 Nb5 40. Nd5 Ke6 41. Nb6 Ba7 42. Bc5 Nxa3 43.
Rd2 Bxb6 44. Rd6+ Kf5 45. Rxb6 Nc4 46. Rxb7 Ne5+ 47. Ke2 Ke4 48. Kd2 Rb3 49. Rb6 Nc4+ 50. Kc2 Nxb6 51. Kxb3 Nd5 52. Ka4 Nxe3 53. Bxe3 Kxe3 54.
Ka5 f5 55. Kxa6 f4 56. b5 f3 57. b6 f2 58. b7 f1=Q+ 59. Ka7 Qa1+ 60. Kb6 Qb2+ 61.
Kc7 Qc3+ 62. Kd7 Qb4 63. Kc7 Qc5+ 64. Kd7 Qb6 65. Kc8 Qc6+ 66. Kb8 Kd4 67. Ka7 0-1

[Event "*** Titled Tuesday Blitz"]
[Site "Chess.com"]
[Date "2020.04.28"]
[Round "6"]
[White "GamayevOleg"]
[Black "Semen_Khanin"]
[Result "1/2-1/2"]
[WhiteElo "2510"]
[BlackElo "2702"]
[TimeControl "180+1"]
[EndTime "11:08:19 PDT"]
[Termination "Game drawn - insufficient material"]

1. d3 d5 2. e4 dxe4 3. dxe4 Qxd1+ 4. Kxd1 e5 5. Nf3 f6 6. Nfd2 Bc5 7. f3 a5 8. a4 Ne7 9. c3 Bd7 10. Kc2 Nbc6 11. b3 Nc8 12. Nc4 Nd6 13. Nxd6+ Bxd6 14. Nd2 Ke7 15. Be2 Nd8 16. Nc4 Bc5 17. Nb2 Ne6 18. Bc4 h5 19. Nd3 Bd6 20. h3 h4 21.
Bb5 c6 22. Bc4 Nc7 23. Nb2 b5 24. Be2 Ne6 25. Rd1 Bc5 26. Nd3 Bd6 27. Be3 g5 28. Rd2 Rhd8 29. Rad1 Be8 30. Nb2 Bc5 31. Rxd8 Rxd8 32.
Rxd8 Kxd8 33. Bd2 Kc7 34. Nd3 Bb6 35. Bd1 c5 36. Nb2 c4 37. axb5 cxb3+ 38. Kxb3 Bxb5 39. c4 Bc6 40. Kc3 Bd4+ 41. Kc2 a4 42. Kb1 a3 43. Nd3 Nc5 44. Nb4 Nxe4 45. fxe4 Bxe4+ 46. Ka2 Bxg2 47. Bg4 Bf1 48. Nd5+ Kc6 49. Nxf6 Bb2 50.
Be6 Kd6 51. Bd5 g4 52. Nxg4 Bxh3 53. Nf2 Bf1 54. Bb4+ Kd7 55. Bxa3 Bd4 56. Ng4 h3 57. Bc1 Be2 58. Nf6+ Ke7 59. Bg5 Kf8 60. Ne4 Bf3 61. Ng3 Bg2 62. Kb3 Bf2 63. Bxg2 hxg2 64. Ne2 g1=Q 65. Nxg1 Bxg1 66. Kc3 Ke8 67. Kd3 Kd7 68. Ke4 Ke6 69. Bh4 Bd4 70. Bg3 Bc3 71. Bf2 Bb4 72. Bb6 Bd6 73. c5 Bxc5 74. Bxc5 Kd7 75. Bd4 exd4 76.
Kxd4 1/2-1/2